 Dungeon Crawl Stone Soup version 0.24.0-125-gc4c63601f3 (webtiles) character file.

Game seed: 14412687605060381384, levelgen mode: deterministic

56 Frank2 the Cudgeler (level 3, 0/28 HPs)
             Began as a Demonspawn Gladiator on Feb 29, 2020.
             Slain by a gnoll
             ... wielding a +0 club
              (6 damage)
             ... on level 2 of the Dungeon.
             The game lasted 00:01:31 (744 turns).

Frank2 the Cudgeler (Demonspawn Gladiator)           Turns: 744, Time: 00:01:32

Health: 0/28       AC: 11    Str: 14    XL:     3   Next: 69%
Magic:  3/3        EV: 12    Int:  9    God:
Gold:   60         SH:  0    Dex: 15    Spells: 2/2 levels left

rFire    . . .     SeeInvis .   a - +1 flail
rCold    . . .     Gourm    .   (no shield)
rNeg     . . .     Faith    .   e - +1 ring mail
rPois    .         Spirit   .   c - +0 helmet
rElec    .         Reflect  .   (no cloak)
rCorr    .         Harm     .   j - +2 pair of gloves
MR       .....                  (no boots)
Stlth    +.........             g - amulet of rage
HPRegen  0.09/turn              (no ring)
MPRegen  0.08/turn              (no ring)

@: no status effects
A: powered by pain 1, shaggy fur 1
a: Evoke Berserk Rage


You were on level 2 of the Dungeon.
You were not hungry.

You visited 1 branch of the dungeon, and saw 2 of its levels.

You collected 60 gold pieces.

Inventory:

Hand Weapons
 a - a +1 flail (weapon)
Missiles
 d - 3 throwing nets (quivered)
Armour
 c - a +0 helmet (worn)
 e - a +1 ring mail (worn)
 j - a +2 pair of gloves (worn)
Jewellery
 g - an amulet of rage (around neck)
Scrolls
 b - 2 scrolls of enchant weapon
 i - 2 scrolls of teleportation
 k - a scroll of identify {unknown}
Comestibles
 f - a ration


   Skills:
 + Level 2.3 Fighting
 + Level 3.4 Maces & Flails
 - Level 1.7 Throwing
 + Level 1.0 Armour
 + Level 3.2 Dodging


You had 2 spell levels left.
You didn't know any spells.
Your spell library was empty.

Dungeon Overview and Level Annotations

Branches:
Dungeon (2/15)

Altars:


Innate Abilities, Weirdness & Mutations

You sometimes gain a little power by taking damage.
You are covered in fur. (AC +1)


Message History

You see here a +0 club.
You barely miss the gnoll. The gnoll hits you but does no damage.
You hit the gnoll but do no damage. The gnoll hits you with a +0 halberd!
You sock the gnoll!
The gnoll is severely wounded.
The gnoll barely misses you.
You sock the gnoll!
You kill the gnoll!
You closely miss the gnoll. The gnoll misses you.
You sock the gnoll!
The gnoll is heavily wounded.
The gnoll hits you but does no damage.
You hit the gnoll.
You kill the gnoll!
Your Armour skill increases to level 1!
You barely miss the gnoll. The gnoll hits you with a +0 club.
You closely miss the gnoll. The gnoll hits you with a +0 club.
* * * LOW HITPOINT WARNING * * *
You closely miss the gnoll. The gnoll hits you with a +0 club.
You die...

##############
#............#
#...(........#
#########............#
......g@'............#
#########.)..........###
..................#
###...............#
###.....#+####....#
........#.#........
####....#.#.##....#
.............#....#
..........#...#


You could see a gnoll.

Vanquished Creatures
  3 gnolls (D:2)
  A worm (D:2)
  A leopard gecko (D:1)
  4 bats (D:1)
  2 giant cockroaches (D:1)
  3 goblins (D:1)
  A hobgoblin (D:1)
  A frilled lizard (D:1)
  3 kobolds (D:1)
  6 rats (D:1)
25 creatures vanquished.

Notes
Turn   | Place    | Note
-------+----------+-------------------------------------------
     0 | D:1      | Frank2 the Demonspawn Gladiator began the quest for the
                  | Orb.
     0 | D:1      | Reached XP level 1. HP: 16/16 MP: 1/1
   122 | D:1      | Gained mutation: You sometimes gain a little power by
                  | taking damage. [demonic ancestry]
   122 | D:1      | Reached XP level 2. HP: 18/22 MP: 2/2
   730 | D:2      | Gained mutation: You are frail. (-10% HP) [potion of
                  | mutation]
   730 | D:2      | Gained mutation: You are covered in fur. (AC +1) [potion of
                  | mutation]
   730 | D:2      | Lost mutation: You are frail. (-10% HP) [potion of
                  | mutation]
   733 | D:2      | Reached XP level 3. HP: 19/27 MP: 3/3
   741 | D:2      | Reached skill level 1 in Armour
   744 | D:2      | Slain by a gnoll

Levels and vault maps discovered:
D:1:      scummos_arrival_forest, layout_loops_ring, hangedman_decor_push,
          minmay_crystal_room, minmay_misc_feat_rugged
D:2:      layout_basic

Skill      XL: |  1  2  3 |
---------------+----------+-----
Maces & Flails | 3 |  3.4
Dodging        | 3 |  3.2
Armour         | 1 |  1.0
Fighting       | |  2.3
Throwing       | |  1.7

Action                   || total
-------------------------++-------
Melee: Flail             ||    82
  Use: Scroll            ||     7
       Potion            ||     1
Armor: Leather armour    ||     6
       Ring mail         ||    27
Dodge: Dodged            ||    57
